AoeStats
← Barón de la Cerveza

Hideout

509747277Analyzed
1v1 RM · 5d ago on Sep 27, 2026· 57m 51s· 2 players
Game mode
Random Map
Map size
Tiny (2 player)
Population
200
Speed
Normal
Resources
Standard
Victory
Conquest
Starting age
Dark Age
Ending age
Imperial Age
RankedLock teamsTeams togetherTeam positionsShared explorationLock speedFull tech treeHidden civsTurbo modeCheats
Victory
Defeat
🇩🇪 Celts · Germany
1778
+21
1880
-21
Waldblume
11:01 Feudal Age
11:03 Man-at-Arms
11:29 Arson
16:00 Castle Age
14:13 Double-Bit Axe
14:31 Horse Collar
23:53 Wheelbarrow
24:09 Loom
26:11 Bow Saw
30:11 Imperial Age
28:37 Scale Mail Armor
28:37 Gold Mining
30:19 Chain Mail Armor
31:47 Plate Mail Armor
30:50 Pikeman
30:59 Capped Ram
31:34 Town Watch
34:19 Forging
35:16 Conscription
34:45 Halberdier
36:15 Hand Cart
35:30 Siege Ram
36:24 Fletching
37:12 Bodkin Arrow
37:39 Ballistics
37:55 Furor Celtica
40:30 Chemistry
39:42 Elite Woad Raider
40:19 Onager
43:32 Siege Engineers
47:49 Iron Casting
49:43 Blast Furnace
49:23 Heavy Plow
Barón de la Cerveza
9:38 Feudal Age
13:18 Castle Age
12:03 Horse Collar
12:39 Double-Bit Axe
14:44 Bow Saw
21:05 Fervor
20:59 Loom
21:00 Town Watch
25:00 Wheelbarrow
25:25 Heavy Plow
30:00 Imperial Age
28:42 Hand Cart
32:00 Chemistry
31:47 Scale Barding Armor
31:43 Scale Mail Armor
31:45 Padded Archer Armor
31:53 Town Patrol
32:17 Bloodlines
32:07 Husbandry
35:25 Chain Barding Armor
35:21 Leather Archer Armor
34:30 Light Cavalry
36:40 Crop Rotation
38:33 Plate Barding Armor
38:09 Forging
38:06 Gold Mining
38:07 Stone Mining
39:19 Winged Hussar
42:16 Masonry
42:17 Fortified Wall
42:28 Ballistics
43:07 Conscription
43:37 Architecture
47:08 Hoardings
52:10 Thumb Ring
51:26 Elite Skirmisher
52:43 Iron Casting
51:59 Fletching
52:56 Ring Archer Armor
52:33 Man-at-Arms
53:13 Squires
53:16 Scale Mail Armor
Connection lost

Rejoining the realm…

Still unreachable

The connection could not be restored.

Session expired

The server has moved on; the page needs a fresh start.